Dernière mise à jour: 2025-12-07 16:11:59
% Time on Ice - CALGARY FIREMEN
Lines # - Real PCT - Wanted PCT - Time Play
Normal Forward
1 - 30% - 35% - 14:46
2 - 29% - 32% - 14:26
3 - 25% - 24% - 12:33
4 - 16% - 9% - 8:01
Normal Defense
1 - 32% - 35% - 16:10
2 - 36% - 32% - 17:51
3 - 28% - 24% - 14:08
4 - 3% - 9% - 1:37
PP Forward
1 - 63% - 55% - 3:44
2 - 37% - 45% - 2:13
PP Defense
1 - 63% - 55% - 3:44
2 - 37% - 45% - 2:13
PK Forward
1 - 66% - 55% - 2:50
2 - 34% - 45% - 1:27
PK Defense
1 - 41% - 55% - 1:45
2 - 59% - 45% - 2:32
PK3 Forward
1 - 74% - 55% - 1:14
2 - 26% - 45% - 0:26
PK3 Defense
1 - 32% - 55% - 0:32
2 - 68% - 45% - 1:08
44 Forward
1 - 0% - 55%
2 - 0% - 45%
44 Defense
1 - 0% - 55%
2 - 0% - 45%
Last Minute Offensive  - 0:00
Last Minute Defensive  - 0:00
Total
Forward - 61:40
Defense - 61:40
% Time on Ice - LONG BEACH BARACUDAS
Lines # - Real PCT - Wanted PCT - Time Play
Normal Forward
1 - 40% - 39% - 19:52
2 - 35% - 34% - 17:18
3 - 18% - 18% - 8:50
4 - 8% - 9% - 3:46
Normal Defense
1 - 41% - 40% - 20:28
2 - 32% - 30% - 15:55
3 - 19% - 20% - 9:40
4 - 7% - 10% - 3:43
PP Forward
1 - 56% - 55% - 2:25
2 - 44% - 45% - 1:52
PP Defense
1 - 42% - 55% - 1:48
2 - 58% - 45% - 2:29
PK Forward
1 - 77% - 60% - 4:35
2 - 23% - 40% - 1:22
PK Defense
1 - 57% - 55% - 3:22
2 - 43% - 45% - 2:35
PK3 Forward
1 - 0% - 55%
2 - 0% - 45%
PK3 Defense
1 - 0% - 55%
2 - 0% - 45%
44 Forward
1 - 58% - 55% - 0:58
2 - 42% - 45% - 0:42
44 Defense
1 - 58% - 55% - 0:58
2 - 42% - 45% - 0:42
Last Minute Offensive  - 0:00
Last Minute Defensive  - 0:00
Total
Forward - 61:40
Defense - 61:40
Play-by-Play 1st period 0:01 of 1st period - Andrew Copp wins face-off versus Aleksander Barkov in neutral zone. 0:41 of 1st period - Shot by Aleksander Barkov. 0:41 of 1st period - Shot Hit the Post. 0:43 of 1st period - Shot by Zachary Werenski. 0:43 of 1st period - Stopped by Marc-Andre Fleury with a rebound. 1:19 of 1st period - Shot by Ryan O'Reilly. 1:19 of 1st period - Shot Misses the Net. 1:21 of 1st period - Shot by Kyle Connor. 1:21 of 1st period - Shot Misses the Net. 1:23 of 1st period - Shot by Drew Doughty. 1:23 of 1st period - Goal by Drew Doughty - CALGARY FIREMEN : 0 - LONG BEACH BARACUDAS : 1. 1:24 of 1st period - Jack Drury wins face-off versus William Karlsson in neutral zone. 1:27 of 1st period - Shot by Jack Drury. 1:27 of 1st period - Shot Blocked by Calvin De Haan. 1:29 of 1st period - Shot by Martin Fehervary. 1:29 of 1st period - Shot Misses the Net. 1:37 of 1st period - Shot by Calle Jarnkrok. 1:37 of 1st period - Deflect By Fabian Zetterlund. 1:37 of 1st period - Shot Blocked by William Karlsson. 2:23 of 1st period - Minor Penalty to Ryan O'Reilly for Holding. 2:24 of 1st period - William Karlsson wins face-off versus Andrew Copp in LONG BEACH BARACUDAS zone. 3:15 of 1st period - Shot by Martin Fehervary. 3:15 of 1st period - Stopped by Pyotr Kochetkov without a rebound. 3:16 of 1st period - Nicolas Roy wins face-off versus Jack Drury in LONG BEACH BARACUDAS zone. 3:40 of 1st period - Calvin De Haan is hit by Mason Marchment and loses puck. 4:31 of 1st period - Icing by Calen Addison. 4:32 of 1st period - Yakov Trenin wins face-off versus Sam Reinhart in LONG BEACH BARACUDAS zone. 4:35 of 1st period - Shot by Cody Glass. 4:35 of 1st period - Stopped by Pyotr Kochetkov without a rebound. 4:36 of 1st period - Ryan O'Reilly wins face-off versus Brett Howden in LONG BEACH BARACUDAS zone. 4:36 of 1st period - Sam Reinhart is hit by Michael McCarron and loses puck. 5:08 of 1st period - Shot by Ryan O'Reilly. 5:08 of 1st period - Stopped by Marc-Andre Fleury without a rebound. 5:09 of 1st period - Aleksander Barkov wins face-off versus Cody Glass in CALGARY FIREMEN zone. 7:15 of 1st period - Shot by Calle Jarnkrok. 7:15 of 1st period - Deflect By Fabian Zetterlund. 7:15 of 1st period - Stopped by Pyotr Kochetkov without a rebound. 7:16 of 1st period - Nicolas Roy wins face-off versus Brett Howden in LONG BEACH BARACUDAS zone. 7:16 of 1st period - Nicolas Roy is hit by Michael McCarron. 7:30 of 1st period - Shot by Valeri Nichushkin. 7:30 of 1st period - Shot Misses the Net. 7:37 of 1st period - Brett Howden is hit by Calvin De Haan. 7:57 of 1st period - Shot by Valeri Nichushkin. 7:57 of 1st period - Shot Misses the Net. 8:12 of 1st period - Icing by Martin Fehervary. 8:13 of 1st period - Ryan O'Reilly wins face-off versus Brett Howden in CALGARY FIREMEN zone. 8:16 of 1st period - Shot by Sam Reinhart. 8:16 of 1st period - Stopped by Marc-Andre Fleury without a rebound. 8:17 of 1st period - Ryan O'Reilly wins face-off versus Jack Drury in CALGARY FIREMEN zone. 8:40 of 1st period - Sam Reinhart is hit by Jake McCabe. 8:42 of 1st period - Shot by Kyle Connor. 8:42 of 1st period - Shot Hit the Post. 8:54 of 1st period - Shot by Ryan O'Reilly. 8:54 of 1st period - Shot Misses the Net. 9:23 of 1st period - Shot by Valeri Nichushkin. 9:23 of 1st period - Stopped by Marc-Andre Fleury with a rebound. 9:25 of 1st period - Shot by Drew Doughty. 9:25 of 1st period - Shot Misses the Net. 9:51 of 1st period - Shot by William Karlsson. 9:51 of 1st period - Deflect By Teuvo Teravainen. 9:51 of 1st period - Stopped by Marc-Andre Fleury with a rebound. 9:53 of 1st period - Shot by Teuvo Teravainen. 9:53 of 1st period - Stopped by Marc-Andre Fleury without a rebound. 9:54 of 1st period - Aleksander Barkov wins face-off versus Andrew Copp in CALGARY FIREMEN zone. 9:54 of 1st period - Seth Jarvis is hit by Ryan Graves and loses puck. 10:22 of 1st period - Icing by Drew Doughty. 10:23 of 1st period - Brett Howden wins face-off versus Aleksander Barkov in LONG BEACH BARACUDAS zone. 10:23 of 1st period - Isac Lundestrom is hit by Brendan Smith and loses puck. 11:06 of 1st period - Minor Penalty to Martin Fehervary for Tripping. 11:07 of 1st period - Cody Glass wins face-off versus Ryan O'Reilly in CALGARY FIREMEN zone. 11:30 of 1st period - Shot by Sam Reinhart. 11:30 of 1st period - Shot Misses the Net. 11:32 of 1st period - Shot by Calen Addison. 11:32 of 1st period - Shot Blocked by Darren Raddysh. 11:34 of 1st period - Shot by Owen Tippett. 11:34 of 1st period - Stopped by Marc-Andre Fleury with a rebound. 11:36 of 1st period - Shot by Sam Reinhart. 11:36 of 1st period - Shot Misses the Net. 12:35 of 1st period - Shot by Aleksander Barkov. 12:35 of 1st period - Stopped by Marc-Andre Fleury without a rebound. 12:36 of 1st period - Jack Drury wins face-off versus Ryan O'Reilly in CALGARY FIREMEN zone. 12:47 of 1st period - Shot by Ryan O'Reilly. 12:47 of 1st period - Shot Misses the Net. 12:49 of 1st period - Shot by Sam Reinhart. 12:49 of 1st period - Stopped by Marc-Andre Fleury without a rebound. 12:50 of 1st period - Aleksander Barkov wins face-off versus Jack Drury in CALGARY FIREMEN zone. 13:17 of 1st period - Shot by William Karlsson. 13:17 of 1st period - Stopped by Marc-Andre Fleury without a rebound. 13:18 of 1st period - Ryan O'Reilly wins face-off versus Andrew Copp in CALGARY FIREMEN zone. 13:49 of 1st period - Shot by Kyle Connor. 13:49 of 1st period - Stopped by Marc-Andre Fleury without a rebound. 13:50 of 1st period - Aleksander Barkov wins face-off versus Jack Drury in CALGARY FIREMEN zone. 14:00 of 1st period - Seth Jarvis is hit by Jake McCabe and loses puck. 14:03 of 1st period - Shot by Calen Addison. 14:03 of 1st period - Stopped by Marc-Andre Fleury with a rebound. 14:20 of 1st period - Aleksander Barkov is hit by Jake McCabe. 15:23 of 1st period - Nikita Kucherov is hit by Filip Forsberg and loses puck. 15:28 of 1st period - Filip Forsberg is hit by Seth Jarvis and loses puck. 16:07 of 1st period - Shot by Sam Reinhart. 16:07 of 1st period - Shot Misses the Net. 17:01 of 1st period - Cody Glass is hit by Brendan Smith and loses puck. 17:04 of 1st period - Shot by Yakov Trenin. 17:04 of 1st period - Stopped by Pyotr Kochetkov without a rebound. 17:05 of 1st period - Jack Drury wins face-off versus Nicolas Roy in LONG BEACH BARACUDAS zone. 17:12 of 1st period - Shot by Jack Drury. 17:12 of 1st period - Stopped by Pyotr Kochetkov without a rebound. 17:13 of 1st period - Andrew Copp wins face-off versus Ryan O'Reilly in LONG BEACH BARACUDAS zone. 17:19 of 1st period - Filip Forsberg is hit by Brendan Smith and loses puck. 17:43 of 1st period - Shot by Filip Forsberg. 17:43 of 1st period - Stopped by Pyotr Kochetkov without a rebound. 17:44 of 1st period - William Karlsson wins face-off versus Jack Drury in LONG BEACH BARACUDAS zone. 17:50 of 1st period - Minor Penalty to Calle Jarnkrok for High sticking. 17:51 of 1st period - Aleksander Barkov wins face-off versus Jack Drury in CALGARY FIREMEN zone. 17:54 of 1st period - Shot by Aleksander Barkov. 17:54 of 1st period - Shot Misses the Net. 18:30 of 1st period - Shot by Valeri Nichushkin. 18:30 of 1st period - Stopped by Marc-Andre Fleury without a rebound. 18:31 of 1st period - Ryan O'Reilly wins face-off versus Jack Drury in CALGARY FIREMEN zone. 18:48 of 1st period - Shot by Nikita Kucherov. 18:48 of 1st period - Stopped by Marc-Andre Fleury with a rebound. 19:08 of 1st period - Shot by Kyle Connor. 19:08 of 1st period - Deflect By Ryan O'Reilly. 19:08 of 1st period - Stopped by Marc-Andre Fleury with a rebound. 19:46 of 1st period - Shot by Valeri Nichushkin. 19:46 of 1st period - Stopped by Marc-Andre Fleury with a rebound. 19:48 of 1st period - Shot by Valeri Nichushkin. 19:48 of 1st period - Stopped by Marc-Andre Fleury without a rebound. 19:49 of 1st period - Aleksander Barkov wins face-off versus Jack Drury in CALGARY FIREMEN zone. 19:52 of 1st period - Shot by Seth Jarvis. 19:52 of 1st period - Shot Blocked by Andrew Copp. 19:54 of 1st period - Shot by Valeri Nichushkin. 19:54 of 1st period - Stopped by Marc-Andre Fleury with a rebound. 19:56 of 1st period - Shot by Zachary Werenski. 19:56 of 1st period - Shot Misses the Net. 19:58 of 1st period - Shot by Valeri Nichushkin. 19:58 of 1st period - Shot Misses the Net. Goals for this period are 0 for CALGARY FIREMEN vs 1 for LONG BEACH BARACUDAS. Shots for this period are 6 for CALGARY FIREMEN vs 19 for LONG BEACH BARACUDAS. 2nd period 0:01 of 2nd period - Aleksander Barkov wins face-off versus Jack Drury in neutral zone. 1:12 of 2nd period - Shot by Ryan O'Reilly. 1:12 of 2nd period - Deflect By Sam Reinhart. 1:12 of 2nd period - Stopped by Marc-Andre Fleury without a rebound. 1:13 of 2nd period - Andrew Copp wins face-off versus William Karlsson in CALGARY FIREMEN zone. 1:26 of 2nd period - Shot by William Karlsson. 1:26 of 2nd period - Stopped by Marc-Andre Fleury without a rebound. 1:27 of 2nd period - Ryan O'Reilly wins face-off versus Brett Howden in CALGARY FIREMEN zone. 1:28 of 2nd period - Shot by Sam Reinhart. 1:28 of 2nd period - Shot Blocked by Isac Lundestrom. 2:00 of 2nd period - Shot by Sam Reinhart. 2:00 of 2nd period - Stopped by Marc-Andre Fleury without a rebound. 2:01 of 2nd period - Aleksander Barkov wins face-off versus Andrew Copp in CALGARY FIREMEN zone. 2:01 of 2nd period - Aleksander Barkov is hit by Martin Fehervary. 2:19 of 2nd period - Shot by Andrew Copp. 2:19 of 2nd period - Stopped by Pyotr Kochetkov without a rebound. 2:20 of 2nd period - Cody Glass wins face-off versus Valeri Nichushkin in LONG BEACH BARACUDAS zone. 2:40 of 2nd period - Shot by Valeri Nichushkin. 2:40 of 2nd period - Stopped by Marc-Andre Fleury with a rebound. 3:25 of 2nd period - Shot by Filip Forsberg. 3:25 of 2nd period - Shot Blocked by Calvin De Haan. 3:37 of 2nd period - Shot by Filip Forsberg. 3:37 of 2nd period - Stopped by Pyotr Kochetkov without a rebound. 3:38 of 2nd period - Jack Drury wins face-off versus Aleksander Barkov in LONG BEACH BARACUDAS zone. 3:40 of 2nd period - Fabian Zetterlund is hit by Alexander Romanov and loses puck. 3:46 of 2nd period - Calle Jarnkrok is hit by Alexander Romanov and loses puck. 3:49 of 2nd period - Shot by Calle Jarnkrok. 3:49 of 2nd period - Shot Blocked by Zachary Werenski. 3:56 of 2nd period - Shot by Fabian Zetterlund. 3:56 of 2nd period - Stopped by Pyotr Kochetkov without a rebound. 3:57 of 2nd period - Brett Howden wins face-off versus Ryan O'Reilly in LONG BEACH BARACUDAS zone. 5:13 of 2nd period - Shot by Mason Marchment. 5:13 of 2nd period - Shot Blocked by Brendan Smith. 5:33 of 2nd period - Drew Doughty is hit by Mason Marchment and loses puck. 5:44 of 2nd period - Shot by Seth Jarvis. 5:44 of 2nd period - Stopped by Marc-Andre Fleury without a rebound. 5:45 of 2nd period - William Karlsson wins face-off versus Jack Drury in CALGARY FIREMEN zone. 6:24 of 2nd period - Off-side. 6:25 of 2nd period - Seth Jarvis wins face-off versus Brett Howden in neutral zone. 6:30 of 2nd period - Shot by Aleksander Barkov. 6:30 of 2nd period - Stopped by Marc-Andre Fleury without a rebound. 6:31 of 2nd period - Brett Howden wins face-off versus Aleksander Barkov in CALGARY FIREMEN zone. 6:52 of 2nd period - Shot by Nikita Kucherov. 6:52 of 2nd period - Stopped by Marc-Andre Fleury with a rebound. 7:53 of 2nd period - Shot by Mason Marchment. 7:53 of 2nd period - Shot Misses the Net. 7:55 of 2nd period - Shot by Filip Forsberg. 7:55 of 2nd period - Stopped by Pyotr Kochetkov without a rebound. 7:56 of 2nd period - Jack Drury wins face-off versus William Karlsson in LONG BEACH BARACUDAS zone. 8:26 of 2nd period - Shot by Valeri Nichushkin. 8:26 of 2nd period - Deflect By Teuvo Teravainen. 8:26 of 2nd period - Stopped by Marc-Andre Fleury without a rebound. 8:27 of 2nd period - Aleksander Barkov wins face-off versus Andrew Copp in CALGARY FIREMEN zone. 8:50 of 2nd period - Shot by Seth Jarvis. 8:50 of 2nd period - Shot Blocked by Jake McCabe. 9:02 of 2nd period - Shot by Filip Forsberg. 9:02 of 2nd period - Stopped by Pyotr Kochetkov with a rebound. 9:04 of 2nd period - Shot by Mason Marchment. 9:04 of 2nd period - Shot Blocked by Aleksander Barkov. 9:34 of 2nd period - Shot by Logan Stankoven. 9:34 of 2nd period - Stopped by Pyotr Kochetkov with a rebound. 9:58 of 2nd period - Shot by Ryan O'Reilly. 9:58 of 2nd period - Shot Misses the Net. 10:45 of 2nd period - Shot by Valeri Nichushkin. 10:45 of 2nd period - Stopped by Marc-Andre Fleury without a rebound. 10:46 of 2nd period - Jack Drury wins face-off versus Nicolas Roy in CALGARY FIREMEN zone. 10:53 of 2nd period - Shot by Fabian Zetterlund. 10:53 of 2nd period - Shot Misses the Net. 10:55 of 2nd period - Shot by Fabian Zetterlund. 10:55 of 2nd period - Stopped by Pyotr Kochetkov with a rebound. 11:01 of 2nd period - Shot by Fabian Zetterlund. 11:01 of 2nd period - Shot Misses the Net. 11:06 of 2nd period - Icing by Zachary Werenski. 11:07 of 2nd period - Nicolas Roy wins face-off versus Andrew Copp in LONG BEACH BARACUDAS zone. 11:18 of 2nd period - Shot by Valeri Nichushkin. 11:18 of 2nd period - Stopped by Marc-Andre Fleury without a rebound. 11:19 of 2nd period - Aleksa